 Dungeon Crawl Stone Soup version 0.17.1-1-g73c8601 (webtiles) character file.

198 JustSomeDude the Insei (level 5, 0/42 HPs)
             Began as a Demonspawn Monk on Dec 26, 2015.
             Slain by a worker ant (2 damage)
             ... on level 4 of the Dungeon.
             The game lasted 00:06:34 (3053 turns).

JustSomeDude the Insei (Demonspawn Monk)            Turns: 3053, Time: 00:06:34

Health: 0/42       AC: 10    Str: 11    XL:     5   Next: 47%
Magic:  5/5        EV: 12    Int: 12    God:
Gold:   132        SH:  0    Dex: 16    Spells: 0 memorised, 4 levels left

rFire  . . .     SeeInvis .     j - +0 flail
rCold  + . .     Clarity  .     g - +4 ring mail
rNeg   . . .     SustAt   .     (no shield)
rPois  .         Gourm    .     (no helmet)
rElec  .         Spirit   .     (no cloak)
rCorr  .         Warding  .     (no gloves)
rMut   .         Stasis   .     (no boots)
MR     .....                    (no amulet)
Stlth  ++........               (no ring)
                                (no ring)

@: lethally poisoned (0 -> -16), flying, not resistant to hostile enchantments,
unstealthy
A: icy blue scales 1, cold resistance 1, freezing cloud immunity
a: no special abilities


You were on level 4 of the Dungeon.
You were not hungry.

You visited 1 branch of the dungeon, and saw 4 of its levels.

You collected 132 gold pieces.

Inventory:

Hand Weapons
 j - a +0 flail (weapon)
Missiles
 m - 5 tomahawks (quivered)
Armour
 a - a +0 robe
 g - a +4 ring mail (worn)
Jewellery
 h - an uncursed amulet of rage {unknown}
 l - a +4 ring of protection {unknown}
Scrolls
 c - 3 scrolls of remove curse {unknown}
 d - 4 scrolls of identify {unknown}
 e - 2 scrolls of immolation {unknown}
 i - a scroll of enchant armour {unknown}
 k - a scroll of teleportation {unknown}
Comestibles
 b - 3 bread rations


   Skills:
 + Level 3.7 Fighting
 * Level 1.7 Maces & Flails
 + Level 1.1 Armour
 + Level 3.6 Dodging
 + Level 2.3 Stealth
 + Level 4.3 Unarmed Combat


You had 4 spell levels left.
You didn't know any spells.

Dungeon Overview and Level Annotations

Branches:
Dungeon (4/15)
 Temple: D:4-7

Altars:


Innate Abilities, Weirdness & Mutations

You are partially covered in icy blue scales (AC +1).
Your flesh is cold resistant.
You are immune to freezing clouds.


Message History

The worker ant is lightly wounded.
* * * LOW HITPOINT WARNING * * *
You feel very sick. The worker ant closely misses you.
The worker ant barely misses you.
You hit the worker ant.
The worker ant is moderately wounded.
* * * LOW HITPOINT WARNING * * *
You feel very sick.
The worker ant bites you but does no damage.
The worker ant closely misses you.
You hit the worker ant.
The worker ant is moderately wounded.
* * * LOW HITPOINT WARNING * * *
You feel sick.
The worker ant bites you but does no damage.
* * * LOW HITPOINT WARNING * * *
You feel sick.
* * * LOW HITPOINT WARNING * * *
You feel sick. The worker ant bites you.
You die...

..... ##..
....#+#... .
.?...... ..
......## ...
.... .##....
#.. .......
#.###...#
#<@a...#
#......#
#..........
#.........(.
#...........
############


You could see a worker ant.

Vanquished Creatures
  A worker ant (D:3)
  4 gnolls
  8 adders (D:2)
  2 oozes (D:2)
  A giant gecko (D:2)
  2 giant cockroaches
  10 hobgoblins
  6 bats
  2 giant newts (D:2)
  10 goblins
  4 jackals (D:2)
  7 kobolds
  4 rats
61 creatures vanquished.

Notes
Turn   | Place    | Note
--------------------------------------------------------------
     0 | D:1      | JustSomeDude the Demonspawn Monk began the quest for the Orb.
     0 | D:1      | Reached XP level 1. HP: 18/18 MP: 1/1
   423 | D:1      | Gained mutation: Your flesh is cold resistant. [demonic ancestry]
   423 | D:1      | Reached XP level 2. HP: 24/24 MP: 2/2
   506 | D:1      | Reached skill level 4 in Unarmed Combat
   745 | D:1      | Gained mutation: You are partially covered in icy blue scales (AC +1). [demonic ancestry]
   745 | D:1      | Reached XP level 3. HP: 27/29 MP: 3/3
  1507 | D:2      | Reached XP level 4. HP: 32/35 MP: 4/4
  2312 | D:2      | Reached skill level 1 in Maces & Flails
  2492 | D:2      | Gained mutation: You are immune to freezing clouds. [demonic ancestry]
  2492 | D:2      | Reached XP level 5. HP: 26/42 MP: 5/5
  2639 | D:2      | Reached skill level 1 in Armour
  3053 | D:4      | HP: 2/42 [poisoned by a worker ant]
  3053 | D:4      | Slain by a worker ant

Action                   |  1- 3 |  4- 6 || total
-------------------------+-------+-------++-------
Melee: Unarmed           |    90 |       ||    90
       Flail             |    40 |   164 ||   204
  Use: Potion            |       |     1 ||     1
 Stab: Sleeping          |     3 |     4 ||     7
  Eat: Meat ration       |       |     1 ||     1
       Bread ration      |       |     1 ||     1
       Chunk             |       |     1 ||     1
